 Dungeon Sprint DCSS version 0.31-a0-986-g5e6e4ef867 (webtiles) character file.

Game seed: 16157508826308988934

210 sircluck the Ruffian (level 5, -7/59 HPs)
             Began as a Troll Berserker on Nov 17, 2023.
             Was a Priest of Trog.
             Mangled by a killer bee (9 damage)
             ... in the Dungeon (Sprint IV: "Fedhas' Mad Dash").
             The game lasted 00:00:39 (113 turns).

sircluck the Ruffian (Troll Berserker)               Turns: 113, Time: 00:00:39

Health: -7/59      AC:  4    Str: 27    XL:     5   Next: 56%
Magic:  4/4        EV: 11    Int:  3    God:    Trog [***...]
Gold:   94         SH:  0    Dex:  9    Spells: 4/4 levels left

rFire   . .          .
                       - Unarmed
rCold   . . .        (no shield)
rNeg    . . .        a - +0 animal skin
rPois   .            (helmet restricted)
rElec   .            (no cloak)
rCorr   .            (gloves unavailable)
SInv    .            (boots unavailable)
Will    .....        i - amulet of invisibility {+Inv}
Stlth   +            (no ring)
HPRegen 1.09/turn    (no ring)
MPRegen 0.09/turn

%: no teleportation
@: lethally poisoned (-7 -> -7), very slightly contaminated, invisible
(expiring)
A: large, unfitting armour, claws 3, regeneration 1, shaggy fur 1, tough skin 1
a: Renounce Religion, Evoke Invisibility, Berserk, Trog's Hand


You were in the Dungeon.
You worshipped Trog.
Trog was most pleased with you.
You visited 1 branch You collected 94 gold pieces.

Inventory:

Armour
 a - a +0 animal skin (worn)
Jewellery
 i - the amulet of invisibility (around neck) {+Inv}
   (You found it in the Dungeon)

   [amulet of nothing]

   +Inv:      It lets you turn invisible.
Scrolls
 h - a scroll of torment {unknown}
Potions
 b - a potion of curing
 c - a potion of heal wounds
 d - a potion of haste
 e - 2 potions of magic
 f - a potion of berserk rage


   Skills:
 + Level 5.8 Fighting
 + Level 2.8 Armour
 + Level 5.8 Dodging
 + Level 7.0 Unarmed Combat


You had 4 spell levels left.
You didn't know any spells.
Your spell library was empty.

Dungeon Overview and Level Annotations

Branches:
Dungeon (1/1)

Altars:


Innate Abilities, Weirdness & Mutations

You are too large for most types of armour.
You have claws for hands.
Your natural rate of healing is unusually fast.
You are covered in fur. (AC +1)
You have tough skin. (AC +1)


Message History

You are no longer poisoned.
The killer bee stings you but does no damage.
You scratch the queen bee but do no damage.
The queen bee is moderately wounded.
The killer bee stings you.
You are poisoned.
The killer bee poisons you! The killer bee closely misses you.
The queen bee stings you!
You are too injured to fight recklessly!
You are too injured to fight recklessly!
You are too injured to fight recklessly!
You are too injured to fight recklessly!
You are too injured to fight recklessly!
You are too injured to fight recklessly!
You are too injured to fight recklessly!
You are too injured to fight recklessly!
You are too injured to fight recklessly!
You are too injured to fight recklessly!
You are too injured to fight recklessly!
Unknown command.
You feel very sick.
The killer bee rages.
The killer bee stings you but does no damage.
The killer bee barely misses you.
You flicker for a moment.
You feel sick.
The killer bee barely misses you. x2; The queen bee stings you!
* * * LOW HITPOINT WARNING * * *
Unknown command.
Unknown command.
You feel sick. The killer bee stings you!
* * * LOW HITPOINT WARNING * * *
The killer bee barely misses you.
Unknown command.
Unknown command.
Blink to where?
Press: ? - help, Q - select action, (/) - cycle Dir - move target
As you read the scroll of blinking, it crumbles to dust.
You feel sick.
You feel sick. The killer bee closely misses you. The killer bee stings you!
You die...

##################
#<..P#.....#.....#
#PP..†.....'.#.:.+
#PPPP#.....#.#†@.#
###############y##
♣......y§'y..#
......♣†....#...#
.....♣..♣..######
#+## #+#####


You could see 2 killer bees.

Vanquished Creatures
  A scorpion (D)
  2 killer bees (D)
  2 oklob saplings (D)
  A river rat (D)
  A rat (D)
7 creatures vanquished.

Notes
Turn   | Place    | Note
-------+----------+-------------------------------------------
     0 | D        | sircluck the Troll Berserker began the quest for the Orb.
     0 | D        | Reached XP level 1. HP: 22/22 MP: 0/0
    20 | D        | Reached XP level 2. HP: 16/31 MP: 1/1
    41 | D        | Noticed an oklob sapling
    44 | D        | Killed an oklob sapling
    44 | D        | Reached ** piety under Trog
    45 | D        | Reached skill level 4 in Unarmed Combat
    45 | D        | Reached XP level 3. HP: 39/39 MP: 2/2
    46 | D        | Noticed a scorpion
    46 | D        | Found the amulet of invisibility {+Inv}
    53 | D        | Killed a scorpion
    54 | D        | Reached skill level 5 in Unarmed Combat
    54 | D        | Reached XP level 4. HP: 49/49 MP: 3/3
    77 | D        | Reached skill level 5 in Fighting
    77 | D        | Reached skill level 1 in Armour
    77 | D        | Reached skill level 5 in Dodging
    77 | D        | Reached skill level 6 in Unarmed Combat
    95 | D        | Noticed a queen bee
    99 | D        | Reached XP level 5. HP: 50/57 MP: 4/4
   103 | D        | Reached *** piety under Trog
   104 | D        | Reached skill level 7 in Unarmed Combat
   111 | D        | HP: 2/59 [killer bee (11)]
   113 | D        | Mangled by a killer bee

Illustrated notes

Levels and vault maps discovered:
D:        dungeon_sprint_fedhas [sprint_temple]

Skill      XL: |  1  2  3  4  5 |
---------------+----------------+-----
Fighting       | 3 4 5 |  5.8
Dodging        | 3 4 5 |  5.8
Unarmed Combat | 4 5 6 7 |  7.0
Armour         | 2 |  2.8

Action                     |  1- 3 |  4- 6 || total
---------------------------+-------+-------++-------
  Melee: Unarmed           |    20 |    15 ||    35
         Punch             |       |     1 ||     1
Ability: Evoke Invisibilit |       |     1 ||     1
    Use: Scroll            |       |     1 ||     1
   Stab: Invisible         |       |     1 ||     1
 Armour: Animal skin       |    13 |    13 ||    26
  Dodge: Dodged            |    10 |    15 ||    25

Table legend: (Time is in decaauts)
 A = Elapsed time spent in this place.
 B = Non-inter-level travel time spent in this place.
 C = Inter-level travel time spent in this place.
 D = Time resting spent in this place.
 E = Time spent auto-exploring this place.
 F = Levels seen in this place.
 G = Mean time per level.
                   A        B        C        D        E       F      G
               +--------+--------+--------+--------+--------+-----+--------+
         Total |    110 |    110 |      0 |      0 |     36 |   1 |  110.0 |
       Dungeon |    110 |    110 |      0 |      0 |     36 |   1 |  110.0 |
               +--------+--------+--------+--------+--------+-----+--------+

Top non-repeatable levels by time:
       D: 110 daAuts
